 Dungeon Crawl Stone Soup version 0.31-a0-150-g89dc3ad700 (webtiles) character file.

Game seed: 14511036290127730553

140 Gargoyl the Trooper (level 5, -4/49 HPs)
             Began as a Gargoyle Berserker on June 8, 2023.
             Was a Believer of Trog.
             Splashed by a jelly's acid (5 damage)
             ... on level 3 of the Dungeon.
             The game lasted 00:02:59 (2202 turns).

Gargoyl the Trooper (Gargoyle Berserker)            Turns: 2202, Time: 00:02:59

Health: -4/49      AC: -3    Str: 21    XL:     5   Next: 23%
Magic:  5/5        EV: 11    Int:  7    God:    Trog [**....]
Gold:   113        SH:  0    Dex: 11    Spells: 4/4 levels left

rFire   . . .        a - +2 hand axe
rCold   . . .        (no shield)
rNeg    + . .        j - +0 ring mail
rPois   ∞            (no helmet)
rElec   +            b - +1 cloak
rCorr   .            g - +0 pair of gloves
SInv    .            (no boots)
Will    .....        (no amulet) Stlth
                     (no ring)
HPRegen 0.28/turn    (no ring)
MPRegen 0.09/turn

%: no passive effects
@: berserking, corroded, very quick
A: sickness immunity, AC +4, negative energy resistance 1, electricity
resistance, torment resistance 1, petrification resistance
a: Renounce Religion, Berserk, Trog's Hand


You were on level 3 of the Dungeon.
You worshipped Trog.
Trog was pleased with you.
You visited 1 branch of the dungeon, and saw 3 of its levels.

You collected 113 gold pieces.

Inventory:

Hand Weapons
 a - a +2 hand axe (weapon)
 h - a +1 flail of holy wrath
Armour
 b - a +1 cloak (worn)
 g - a +0 pair of gloves (worn)
 j - a +0 ring mail (worn)
Jewellery
 n - a ring of fire
Scrolls
 d - 4 scrolls of teleportation
Potions
 c - a potion of enlightenment
 e - a potion of resistance {unknown}
 f - 2 potions of magic {unknown}
 i - a potion of attraction {unknown}
 k - a potion of curing {unknown}
 m - a potion of brilliance {unknown}


   Skills:
 + Level 4.1 Fighting
 + Level 3.9 Axes
 + Level 3.0 Armour
 + Level 2.2 Dodging
 + Level 0.6 Stealth


You had 4 spell levels left.
You didn't know any spells.
Your spell library was empty.

Dungeon Overview and Level Annotations

Branches:
Dungeon (3/15)

Altars:


Innate Abilities, Weirdness & Mutations

You are immune to sickness and miasma.
Your stone body is resilient. (AC +4)
You are immune to poison.
You resist negative energy. (rN+)
You are resistant to electric shocks. (rElec)
You are resistant to unholy torment.
You are immune to petrification.


Message History

The endoplasm freezes you.
You are frozen.
You hit the endoplasm.
The endoplasm is almost dead.
The endoplasm freezes you.
You are frozen.
You hit the endoplasm.
You kill the endoplasm!
Trog accepts your kill.
A nearby fungus withers and dies.
The jelly barely misses you.
You slash the jelly!
Your hands burn!
The jelly is moderately wounded.
The jelly hits you. The acid corrodes you!
You are splashed with acid!
You hit the jelly. The acid corrodes you!
Your hands burn!
The jelly is heavily wounded.
The jelly hits you but does no damage.
You hit the jelly. The acid corrodes you!
Your hands burn!
The jelly is severely wounded.
The jelly hits you but does no damage.
You hit the jelly but do no damage.
Your hands burn!
The jelly is severely wounded.
The jelly closely misses you.
You fail to use your ability.
The jelly hits you but does no damage.
You hit the jelly.
Your hands burn!
* * * LOW HITPOINT WARNING * * *
The jelly is severely wounded.
The jelly hits you but does no damage.
You hit the jelly. The acid corrodes you!
Your hands burn!
* * * LOW HITPOINT WARNING * * *
The jelly is almost dead.
The jelly barely misses you.
Unknown command.
A red film seems to cover your vision as you go berserk!
You feel yourself moving faster!
You feel mighty! The jelly hits you.
* * * LOW HITPOINT WARNING * * *
You are splashed with acid!
* * * LOW HITPOINT WARNING * * *
You hit the jelly but do no damage. The acid corrodes you!
Your hands burn!
You die...

#.. #.# ###########
#.. #÷P÷÷.P.P=# #.#
#.P.P...÷.# #.#
#....÷....#########.#
#.......P.##........#
#÷P.J.÷.P.##.........
#...@...÷.##.........
##.#########........#
##.)....###........#
########.##........#
#....'..###....)...#
#....#### ####.....#
#.......# #.....#
#.......# #.....#
#.?.....# ##.....


You could see a jelly.

Vanquished Creatures
  2 jellies (D:3)
  2 adders
  A dart slug (D:2)
  3 orcs (D:3)
  4 ball pythons
  10 endoplasms
  4 hobgoblins
  4 bats
  5 goblins
  13 kobolds
  8 rats
56 creatures vanquished.

Notes
Turn   | Place    | Note
-------+----------+-------------------------------------------
     0 | D:1      | Gargoyl the Gargoyle Berserker began the quest for the Orb.
     0 | D:1      | Reached XP level 1. HP: 14/14 MP: 1/1
   241 | D:1      | Reached XP level 2. HP: 16/19 MP: 2/2
   937 | D:2      | Reached XP level 3. HP: 24/24 MP: 3/3
  1506 | D:2      | Found a faded altar of an unknown god.
  1896 | D:3      | Reached ** piety under Trog
  1997 | D:3      | Reached skill level 4 in Fighting
  1999 | D:3      | Reached XP level 4. HP: 22/29 MP: 4/4
  2151 | D:3      | Reached XP level 5. HP: 33/33 MP: 5/5
  2201 | D:3      | HP: 1/49 [acid (9)]
  2202 | D:3      | Splashed by a jelly's acid

Illustrated notes

Levels and vault maps discovered:
D:1:      scummos_arrival_gate, layout_basic, minmay_misc_feat_rows
D:2:      layout_basic, shapermc_ecumenical_altar_acropolis
D:3:      cheibrodos_fertilizer, layout_rooms, minmay_misc_feat_chi,
          chequers_hall_statues_corner_a

Skill      XL: |  1  2  3  4 |
---------------+-------------+-----
Axes           | 3 |  3.9
Dodging        | 2 |  2.2
Fighting       | 4 |  4.1
Armour         | 3 |  3.0
Stealth        | |  0.6

Action                     |  1- 3 |  4- 6 || total
---------------------------+-------+-------++-------
  Melee: Hand axe          |    91 |    49 ||   140
         Punch             |       |     1 ||     1
 Invoke: Berserk           |       |     2 ||     2
         Trog's Hand       |       |     1 ||     1
    Use: Scroll            |     7 |       ||     7
   Stab: Sleeping          |     1 |       ||     1
 Armour: Animal skin       |    16 |       ||    16
         Ring mail         |    37 |    24 ||    61
  Dodge: Dodged            |    76 |    34 ||   110

Table legend: (Time is in decaauts)
 A = Elapsed time spent in this place.
 B = Non-inter-level travel time spent in this place.
 C = Inter-level travel time spent in this place.
 D = Time resting spent in this place.
 E = Time spent auto-exploring this place.
 F = Levels seen in this place.
 G = Mean time per level.
                   A        B        C        D        E       F      G
               +--------+--------+--------+--------+--------+-----+--------+
         Total |   2227 |   2191 |     36 |     14 |   1658 |   3 |  742.3 |
       Dungeon |   2227 |   2191 |     36 |     14 |   1658 |   3 |  742.3 |
               +--------+--------+--------+--------+--------+-----+--------+

Top non-repeatable levels by time:
     D:2: 883 daAuts
     D:1: 854 daAuts
     D:3: 489 daAuts
